 Dungeon Crawl Stone Soup version 0.32-a0-913-g739538afd8 (webtiles) character file.

Game seed: 2220654138330424924

51468 runemasterragnar the Skirmisher (level 14, -19/113 HPs)
             Began as a Coglin Hunter on Apr 7, 2024.
             Was a High Priest of Okawaru.
             Killed from afar by a deep troll earth mage (30 damage)
             ... with a blast of rock fragments
             ... on level 12 of the Dungeon.
             The game lasted 00:27:26 (20002 turns).

runemasterragnar the Skirmisher (Coglin Hunter)    Turns: 20002, Time: 00:27:26

Health: -19/113    AC: 20    Str: 14    XL:     14   Next: 59%
Magic:  19/19      EV: 17    Int: 11    God:    Okawaru [*****.]
Gold:   723        SH:  0    Dex: 21    Spells: 8/13 levels left

rFire   . . .        F - +1 hand cannon (freeze) {Qiuyue}
rCold   . . .        a - +2 sling (flame) {Ælfthryth}
rNeg    + + +        G - +8 acid dragon scales of Quantum Leap {Fly rPois rN++ rCorr Str+3}
rPois   +            m - +5 hat "Mule" {Harm rN+ Stlth+}
rElec   .            (no cloak)
rCorr   +            (no gloves)
SInv    .            (no boots)
Will    .....        (amulet unavailable)
Stlth   +++++        (ring unavailable)
HPRegen 0.38/turn    (ring unavailable)
MPRegen 0.16/turn    (no gizmo)

%: harm (+30% outgoing, +20% incoming)
@: weak-willed, flying
A: off-hand wielding, slow wielding, warmup strikes, no jewellery
a: Invent Gizmo, Renounce Religion, Heroism, Finesse, Duel


You were on level 12 of the Dungeon.
You worshipped Okawaru.
Okawaru was extremely pleased with you.
You visited 3 branches of the dungeon, and saw 17 of its levels.
You also visited: Sewer and Bailey.

You collected 723 gold pieces.

Inventory:

Hand Weapons
 a - a +2 sling of flaming (offhand) {Ælfthryth}
 d - a +0 sling {Lan}
 A - a +0 sling of freezing {Yuxuan}
 F - a +1 hand cannon of freezing (weapon) {Qiuyue}
Armour
 m - the +5 hat "Mule" (worn) {Harm rN+ Stlth+}
   (You acquired it on level 5 of the Dungeon)

   rN+:       It protects you from negative energy.
   Harm:      It increases damage dealt and taken.
   Stlth+:    It makes you more stealthy.
 s - a +1 leather armour of cold resistance
 G - the +8 acid dragon scales of Quantum Leap (worn) {Fly rPois rN++ rCorr Str+3}
   (Okawaru gifted it to you on level 2 of the Lair of Beasts)

   Str+3:     It affects your strength (+3).
   rPois:     It protects you from poison.
   rN++:      It greatly protects you from negative energy.
   Fly:       It grants you flight.
   rCorr:     It protects you from acid and corrosion.
Wands
 h - a wand of polymorph (8)
 k - a wand of warping (3)
 o - a wand of mindburst (7)
 q - a wand of digging (2)
 v - a wand of flame (16)
Scrolls
 i - a scroll of teleportation
 j - 2 scrolls of silence
 l - a scroll of vulnerability
 n - 2 scrolls of revelation
 p - a scroll of blinking
 r - 2 scrolls of noise
 u - 2 scrolls of fog
 H - a scroll of torment {unknown}
 I - 2 scrolls of identify
Potions
 b - a potion of invisibility {unknown}
 e - 2 potions of enlightenment
 f - a potion of magic
 g - a potion of degeneration
 t - a potion of brilliance {unknown}
 w - a potion of berserk rage {unknown}
 x - a potion of attraction
 z - a potion of resistance {unknown}
 B - a potion of might
 D - a potion of curing
 E - a potion of mutation {unknown}
Miscellaneous
 c - a tin of tremorstones (2/2)
 y - a phantom mirror
 C - a box of beasts


   Skills:
 + Level 11.0 Fighting
 * Level 14.3 Ranged Weapons
 + Level 3.9 Armour
 - Level 9.2 Dodging
 + Level 9.7 Stealth
 - Level 7.5 Invocations


You had 8 spell levels left.
You knew the following spells:

 Your Spells              Type           Power      Damage    Failure   Level
a - Apportation           Tloc           0%         N/A       45%         1
b - Dimensional Bullseye  Hex/Tloc       0%         N/A       99%         4

Your spell library contained the following spells:

 Spells                   Type           Power      Damage    Failure   Level
 Cigotuvi's Dreadful Rot  Necr/Alch/Air  0%         N/A       58%         2
 Dazzling Flash           Conj/Hex       0%         N/A       83%         3
 Mephitic Cloud           Conj/Alch/Air  0%         N/A       83%         3
 Sigil of Binding         Hex            0%         N/A       83%         3
 Teleport Other           Tloc           0%         N/A       83%         3
 Ignite Poison            Fire/Alch      0%         N/A       99%         4
 Iskenderun's Mystic Bla Conj/Tloc 0%             2d3        (+2d1     99%         4
 Curse of Agony           Necr           0%         N/A       100%        5
 Freezing Cloud           Conj/Ice/Air   0%         6-21      100%        5
 Iskenderun's Battlesphe  Conj           0%         2d6       100%        5
 Silence                  Hex/Air        0%         N/A       100%        5
 Bombard                  Conj/Erth      0%         9d1       100%        6
 Summon Small Mammal      Summ           Unusable   N/A       N/A         1
 Call Canine Familiar     Summ           Unusable   N/A       N/A         3
 Tukima's Dance           Hex            Unusable   N/A       N/A         3
 Summon Blazeheart Golem  Fire/Summ      Unusable   N/A       N/A         4
 Death Channel            Necr           Unusable   N/A       N/A         6
 Sculpt Simulacrum        Ice/Alch       Unusable   N/A       N/A         6
 Spellforged Servitor     Conj/Summ      Unusable   N/A       N/A         7

Dungeon Overview and Level Annotations

Branches:
Dungeon (12/15)            Temple (0/1) D:4            Lair (4/5) D:9
 Shoals (0/4) Lair:3        Snake (0/4) Lair:2          Orc (1/2) D:11
  Sewer (visited)          Bailey (visited)
  Slime: Lair:4-5

Altars:
Ashenzari
Fedhas
Hepliaklqana
Makhleb
Nemelex Xobeh
Okawaru
Ru
Uskayaw
Xom
Yredelemnul

Shops:
D:9 (   D:11 [

Annotations:
D:3 1 runed translucent door, Crazy Yiuf
D:8 3 runed translucent doors, EvilEddieB's ghost, novice DsNe
Orc:1 Maurice


Innate Abilities, Weirdness & Mutations

You can wield a second weapon in your off-hand.
It takes a long time for you to wield or remove held weapons.
Your first few attacks do less damage.
You cannot equip rings or amulets.


Message History

Okay, then.
As you read the scroll of teleportation, it crumbles to dust.
You feel strangely unstable.
The tengu reaver hits you from afar with a +0 bardiche!
* * * LOW HITPOINT WARNING * * *
The phantasmal warrior hits you!
* * * LOW HITPOINT WARNING * * *
Your willpower is stripped away!
Unknown command.
Okay, then.
The tengu reaver hits you from afar with a +0 bardiche.
* * * LOW HITPOINT WARNING * * *
The tengu reaver points at you and mumbles some strange words.
The bolt of acid hits you! You resist.
* * * LOW HITPOINT WARNING * * *
The phantasmal warrior gestures at you.
The phantasmal warrior blinks!
Unknown command.
Okay, then.
Okay, then.
You feel better.
Your surroundings suddenly seem different.
Unknown command.
You shoot a sling bullet. The sling bullet hits the plant.
The plant begins to die.
The sling bullet burns the plant.
The plant is lightly damaged.
You shoot a slug. The slug hits the plant!
The slug freezes the plant.
The plant is lightly damaged.
You shoot a sling bullet.
The sling bullet hits the plant but does no damage.
The plant is lightly damaged.
You shoot a slug. The slug hits the plant!
The slug freezes the plant.
The plant is moderately damaged.
You hear a grinding noise.
A nearby plant withers and dies.
You hear a grinding noise.
A deep troll earth mage comes into view.
The deep troll earth mage gestures next to you while chanting.
The wall shatters!
The blast of rock fragments hits you!!
You die...

#..# #..# #..#########
#..##......## #..##.P.P...# #
#..##.._..#.#.##########
##########.....P...○[............
............>.....(.............)
...........<....@.((#############
###############.##(.# # #. #..# #
###############.##..#############
....>..........T.....÷...........
...(.............................
######...........................
#...##########(..###########
#...# #...#


You could see a deep troll earth mage.

Vanquished Creatures
  A tengu reaver (D:12)
  An ettin (D:12)
  An entropy weaver (shapeshifter) (D:12)
  4 hydras
  2 boulder beetles
  3 centaur warriors
  4 two-headed ogres
  2 tengu warriors (D:12)
  Amaemon (Lair:2)
  A skeletal warrior (D:12)
  An arcanist (D:12)
  Pikel (D:6)
  2 deep elf pyromancers
  3 ugly things
  2 cyclopes (D:11)
  5 elephants (Lair:2)
  A manticore (D:12)
  A black mamba (Lair:3)
  A torpor snail (Lair:3)
  9 cane toads
  Maggie (D:6)
  A gargoyle (D:10)
  A cane toad (shapeshifter) (D:12)
  2 komodo dragons
  An orange demon (Lair:2)
  Jeremiah (D:7)
  2 freezing wraiths
  An unseen horror (D:10)
  2 kobold demonologists
  5 rime drakes
  2 tengu conjurers
  3 trolls
  2 polar bears (D:9)
  A jumping spider (shapeshifter) (D:12)
  7 blink frogs (Lair:2)
  Grinder (D:3)
  7 dream sheep (Lair:3)
  Sigmund (D:2)
  10 slime creatures (D:12)
  5 spriggans (Bailey)
  2 wraiths
  A vampire (D:9)
  59 yaks
  2 wyverns
  A warg (Orc:1)
  A basilisk (Lair:3)
  A fire elemental (Lair:3)
  3 vampire mosquitoes
  4 steam dragons
  A naga (Lair:2)
  An acid dragon (D:12)
  7 water moccasins
  13 orc warriors
  3 ice beasts
  5 ogres
  9 centaurs
  12 wolves
  4 kobold brigands
  10 bullfrogs
  Blork the orc (D:5)
  2 gnoll sergeants (D:9)
  16 wights
  14 killer bees
  An electric eel (Lair:1)
  6 howler monkeys
  A lava snake (Lair:3)
  3 bombardier beetles
  5 orc priests
  2 hounds
  A gnoll bouda (D:7)
  2 sleepcaps
  Terence (D:3)
  3 iguanas
  8 orc wizards
  Robin (D:2)
  11 gnolls
  10 adders
  A white imp (D:6)
  6 dart slugs (Sewer)
  A ribbon worm (D:2)
  36 orcs
  8 bats
  10 endoplasms
  7 giant cockroaches
  10 hobgoblins
  7 jackals
  2 quokkas (D:2)
  11 ball pythons
  8 frilled lizards
  33 goblins
  7 kobolds
  5 rats
481 creatures vanquished.

Notes
Turn   | Place    | Note
-------+----------+-------------------------------------------
     0 | D:1      | runemasterragnar the Coglin Hunter began the quest for the
                  | Orb.
     0 | D:1      | Reached XP level 1. HP: 16/16 MP: 1/1
    18 | D:1      | Reached skill level 1 in Stealth
    63 | D:1      | Reached XP level 2. HP: 22/22 MP: 2/2
   393 | D:1      | Reached skill level 4 in Ranged Weapons
   393 | D:1      | Reached XP level 3. HP: 27/27 MP: 3/3
   591 | D:2      | Noticed Sigmund
   597 | D:2      | Noticed Robin
   606 | D:2      | Killed Sigmund
   607 | D:2      | Reached XP level 4. HP: 25/35 MP: 4/4
   607 | D:2      | Reached XP level 5. HP: 30/41 MP: 5/5
   607 | D:2      | Killed Robin
   620 | D:2      | Reached XP level 6. HP: 32/47 MP: 6/6
   703 | D:2      | Reached skill level 5 in Ranged Weapons
  1020 | D:3      | Identified the staff of Utoan {rN+ rCorr Dex+3 Necro
                  | Alchemy}
  1215 | D:3      | Noticed Terence
  1227 | D:3      | Killed Terence
  1324 | D:3      | Found a runed translucent door.
  1325 | D:3      | Noticed Crazy Yiuf
  1355 | D:3      | Found a sparkling altar of Nemelex Xobeh.
  1547 | D:3      | Noticed Grinder
  1564 | D:3      | Killed Grinder
  1565 | D:3      | Reached XP level 7. HP: 47/52 MP: 7/7
  1816 | D:4      | Found a staircase to the Ecumenical Temple.
  1818 | D:4      | Found an iron altar of Okawaru.
  1843 | D:4      | Found a blossoming altar of Fedhas.
  1857 | D:4      | Became a worshipper of Warmaster Okawaru
  1909 | D:4      | Noticed a +0 short sword
  1910 | D:4      | Noticed a +0 spear
  1910 | D:4      | Noticed a +0 dagger
  1910 | D:4      | Noticed a +0 falchion
  1910 | D:4      | Noticed a +0 short sword
  1911 | D:4      | Noticed a +0 dagger
  1911 | D:4      | Noticed a +0 falchion
  1913 | D:4      | Noticed a +0 spear
  1956 | D:4      | Found a basalt altar of Yredelemnul.
  2248 | D:4      | Found a broken altar of Ashenzari.
  2271 | D:4      | Found a burning altar of Makhleb.
  2345 | D:4      | Found a hide-covered altar of Uskayaw.
  2582 | D:5      | Entered Level 5 of the Dungeon
  2589 | D:5      | Identified a scroll of acquirement
  2589 | D:5      | Acquired the +5 hat "Mule" {Harm rN+ Stlth+}
  2597 | D:5      | Noticed Blork the orc
  2602 | D:5      | Killed Blork the orc
  2603 | D:5      | Reached skill level 1 in Invocations
  2623 | D:5      | Reached skill level 6 in Ranged Weapons
  2834 | D:5      | Found a glowing drain.
  3029 | D:5      | Reached XP level 8. HP: 57/60 MP: 8/8
  3039 | Sewer    | Entered a sewer
  3223 | Sewer    | Reached * piety under Okawaru
  3266 | Sewer    | Identified the +6 scale mail "Ineghech" {rF- rCorr Stlth+}
  3270 | Sewer    | Identified the +2 orcbow of the Pariah {drain, rElec rC+
                  | Int-4}
  3703 | D:6      | Noticed a two-headed ogre
  3710 | D:6      | Reached skill level 7 in Ranged Weapons
  3716 | D:6      | Killed a two-headed ogre
  3716 | D:6      | Reached ** piety under Okawaru
  3717 | D:6      | Reached skill level 5 in Fighting
  3717 | D:6      | Reached XP level 9. HP: 20/68 MP: 9/11
  3780 | D:6      | Noticed Pikel
  3789 | D:6      | Killed Pikel
  3790 | D:6      | Reached skill level 5 in Dodging
  4113 | D:6      | Reached skill level 8 in Ranged Weapons
  4117 | D:6      | Identified the +4 trident of Stained Cruel Justice {flame,
                  | Fly rPois rC- Int+4}
  4124 | D:6      | Reached *** piety under Okawaru
  4363 | D:6      | Noticed Maggie
  4379 | D:6      | Killed Maggie
  4380 | D:6      | Reached skill level 5 in Stealth
  4380 | D:6      | Reached XP level 10. HP: 28/76 MP: 12/12
  4710 | D:6      | Found a shimmering altar of Xom.
  4758 | D:6      | Found a sacrificial altar of Ru.
  5249 | D:7      | Noticed Jeremiah
  5260 | D:7      | Killed Jeremiah
  5826 | D:8      | Reached **** piety under Okawaru
  5849 | D:8      | Reached skill level 9 in Ranged Weapons
  6051 | D:8      | Found a runed translucent gate.
  6051 | D:8      | Found a runed translucent gate.
  6051 | D:8      | Found a runed translucent gate.
  6053 | D:8      | Noticed a kobold demonologist
  6053 | D:8      | Noticed EvilEddieB's ghost (novice DsNe)
  6711 | D:9      | Found a staircase to the Lair.
  7017 | D:9      | Reached XP level 11. HP: 26/84 MP: 14/14
  7044 | D:9      | Found a flagged portal.
  7050 | Bailey   | Entered a bailey
  7355 | Bailey   | Reached skill level 10 in Ranged Weapons
  7362 | Bailey   | Reached skill level 5 in Invocations
  7377 | Bailey   | Noticed a two-headed ogre
  7888 | Bailey   | Killed a two-headed ogre
  8147 | Bailey   | Identified the +4 rapier of Sequestration {freeze, rElec
                  | rPois rN+ Stlth+}
  8148 | Bailey   | Identified the +6 fire dragon scales of Gozag's Delight
                  | {rF++ rC- Str+3}
  8209 | D:9      | Reached ***** piety under Okawaru
  8308 | D:9      | Found Enoonal's Weapon Shop.
  8363 | D:9      | Noticed a deep elf pyromancer
  8364 | D:9      | Noticed a centaur warrior
  8368 | D:9      | Noticed a two-headed ogre
  8375 | D:9      | Identified the staff of the Chain {rF+ rC+ rCorr Int-2
                  | Fire}
  8695 | D:10     | Entered Level 10 of the Dungeon
  9371 | D:10     | Found a hazy altar of Hepliaklqana.
  9644 | D:10     | Noticed a deep elf pyromancer
 10046 | D:9      | Killed a centaur warrior
 10046 | D:9      | Received a gift from Okawaru
 10052 | D:9      | Killed a deep elf pyromancer
 10259 | D:9      | Noticed a boulder beetle
 10329 | D:11     | Noticed an eight-headed hydra
 10366 | D:11     | Killed an eight-headed hydra
 10449 | D:11     | Noticed a cyclops
 10457 | D:11     | Killed a cyclops
 10565 | D:11     | Reached skill level 11 in Ranged Weapons
 10571 | D:11     | Reached XP level 12. HP: 85/92 MP: 16/16
 10872 | D:11     | Noticed a two-headed ogre
 10878 | D:11     | Killed a two-headed ogre
 10937 | D:11     | Found Etuod's Armour Emporium.
 10939 | D:11     | Found a staircase to the Orcish Mines.
 11980 | D:12     | Found a blossoming altar of Fedhas.
 12006 | D:12     | Received a gift from Okawaru
 13099 | D:12     | Noticed a centaur warrior
 13103 | D:12     | Killed a centaur warrior
 13103 | D:12     | Received a gift from Okawaru
 13293 | D:12     | Noticed a tengu warrior
 13558 | D:10     | Reached skill level 12 in Ranged Weapons
 14037 | D:10     | Received a gift from Okawaru
 14425 | D:9      | Killed a boulder beetle
 14426 | D:9      | Reached XP level 13. HP: 64/101 MP: 18/18
 15265 | Lair:1   | Entered Level 1 of the Lair of Beasts
 15367 | Lair:1   | Received a gift from Okawaru
 16468 | Lair:2   | Received a gift from Okawaru
 16529 | Lair:2   | Reached skill level 13 in Ranged Weapons
 16722 | Lair:2   | Found a staircase to the Snake Pit.
 17134 | Lair:2   | Reached ****** piety under Okawaru
 17135 | Lair:2   | Reached skill level 10 in Fighting
 17142 | Lair:2   | Acquired a +1 hand cannon of freezing
 17142 | Lair:2   | Received a gift from Okawaru
 17164 | Lair:2   | Acquired the +8 acid dragon scales of Quantum Leap {Fly
                  | rPois rN++ rCorr Str+3}
 17164 | Lair:2   | Received a gift from Okawaru
 17212 | Lair:2   | Received a gift from Okawaru
 17249 | Lair:2   | Got Ifor's Collected Works on Lamentation and the Jaunt
 17283 | Lair:2   | Noticed Amaemon
 17290 | Lair:2   | Reached skill level 1 in Armour
 17294 | Lair:2   | Killed Amaemon
 17714 | Lair:3   | Reached XP level 14. HP: 47/110 MP: 12/19
 18135 | Lair:3   | Found a staircase to the Shoals.
 18149 | Lair:3   | Received a gift from Okawaru
 18785 | Lair:3   | Learned a level 1 spell: Apportation
 18790 | Lair:3   | Learned a level 4 spell: Dimensional Bullseye
 18930 | Orc:1    | Entered Level 1 of the Orcish Mines
 18931 | Orc:1    | Noticed Maurice
 18935 | Orc:1    | Noticed an orc warlord
 19233 | D:12     | Identified the staff of Ygulai {Str+2 Conj}
 19246 | D:12     | Reached skill level 14 in Ranged Weapons
 19248 | D:12     | Identified the +2 scimitar "Upasm" {pain, Stlth+}
 19466 | D:12     | Noticed a tengu reaver
 19470 | D:12     | Received a gift from Okawaru
 19901 | D:12     | Killed a tengu reaver
 19989 | D:12     | Noticed a tengu reaver
 19994 | D:12     | HP: 2/113 [tengu reaver/bolt of acid (15)]
 20002 | D:12     | Killed from afar by a deep troll earth mage

Illustrated notes

Levels and vault maps discovered:
D:1:      reono_arrival_mine, layout_loops_cross
D:2:      layout_basic, uniq_sigmund, uniq_robin
D:3:      layout_basic, nemelex_dance_club_becter, uniq_crazy_yiuf_cottage,
          uniq_grinder, uniq_terence
D:4:      layout_basic, nicolae_uskayaw_en_pointe,
          lemuel_coloured_pillars_altar, mainiacjoe_overflow_catch_the_wave,
          lemuel_crystal_altar, kennysheep_mini_moat, minmay_temple_entry_mist
D:5:      layout_cave_pools, gup_sewer_entry_glass, uniq_blork_the_orc
D:6:      layout_cave_pools, jmf_multi_god_temple, minmay_ogre_servants,
          uniq_pikel, uniq_maggie
D:7:      layout_basic, uniq_jeremiah
D:8:      layout_rooms, gammafunk_ghost_nasty_kobolds, minmay_stone_trees_small
D:9:      minmay_the_grid_triangle_9x9_rhombus_thin_mashed
          [minmay_the_grid_triangle_9x9_dagger,
          minmay_the_grid_triangle_9x9_prize_insulated,
          minmay_the_grid_triangle_9x9_descending_squares,
          minmay_the_grid_triangle_9x9_alien], layout_small_grid,
          hellmonk_lair_entry_icy, serial_shops,
          nicolae_shop_bloodbath_and_beyond, enter_bailey_3, serial_park_tiny_1
D:10:     layout_grid_maze, mainiacjoe_overflow_concentric_impassable
D:11:     layout_layer_cave, orc_david_3
D:12:     minmay_tearing_corner, layout_long_grid, fedhas_altar_1
Lair:1:   layout_regular_city, grunt_forest_small_clearing_treed,
          lemuel_fruit_fields, serial_bayou_shore_a
Lair:2:   layout_long_grid, guppyfry_snake_entry_island, serial_bayou_shore_b,
          uniq_amaemon
Lair:3:   layout_gridlike, minmay_shoals_entry_centaurs, grunt_megastairs_1
Lair:4:   layout_regular_city, slime_entry_1, cheibrodos_lair_lostbears
Orc:1:    layout_caves, dreamdust_deal_with_the_devil, nicolae_orc_crystal_seam,
          uniq_maurice, uniq_nergalle, uniq_fannar

Skill      XL: |  1  2  3  4  5  6  7  8  9 10 11 12 13 14 |
---------------+-------------------------------------------+-----
Stealth        | 1 2 3 4 5 6 7 8 9 |  9.7
Dodging        | 2 3 4 5 6 7 8 9 |  9.2
Ranged Weapons | 4 5 6 7 8 9 11 12 13 14 | 14.3
Fighting       | 3 4 5 6 7 8 9 10 11 | 11.0
Invocations    | 1 2 3 4 5 6 7 |  7.5
Armour         | 1 3 |  3.9

Action                     |  1- 3 |  4- 6 |  7- 9 | 10-12 | 13-15 || total
---------------------------+-------+-------+-------+-------+-------++-------
  Melee: Sling             |       |       |       |     2 |       ||     2
   Fire: Sling             |   114 |   194 |   556 |  1678 |   839 ||  3381
         Hand cannon       |       |       |       |       |   209 ||   209
 Invoke: Heroism           |       |       |     1 |     5 |     3 ||     9
         Finesse           |       |       |       |     3 |     3 ||     6
         Receive Weapon    |       |       |       |       |     1 ||     1
         Receive Armour    |       |       |       |       |     1 ||     1
  Evoke: Wand              |       |       |     8 |     9 |       ||    17
         Tin of tremorston |       |       |       |     2 |       ||     2
    Use: Scroll            |     1 |       |     8 |    16 |     5 ||    30
         Potion            |       |       |       |     8 |     3 ||    11
 Armour: Leather armour    |    10 |    10 |    77 |   287 |    48 ||   432
         Skin              |       |       |       |    79 |       ||    79
         Acid dragon scale |       |       |       |       |   105 ||   105
  Dodge: Dodged            |     4 |    14 |    90 |   326 |   146 ||   580

Table legend: (Time is in decaauts)
 A = Elapsed time spent in this place.
 B = Non-inter-level travel time spent in this place.
 C = Inter-level travel time spent in this place.
 D = Time resting spent in this place.
 E = Time spent auto-exploring this place.
 F = Levels seen in this place.
 G = Mean time per level.
                   A        B        C        D        E       F      G
               +--------+--------+--------+--------+--------+-----+--------+
         Total |  19957 |  19219 |    738 |   5106 |  10934 |  19 | 1050.4 |
       Dungeon |  14941 |  14334 |    607 |   3525 |   8482 |  12 | 1245.1 |
          Lair |   3560 |   3430 |    130 |    708 |   2220 |   4 |  890.0 |
  Orcish Mines |      6 |      6 |      0 |      0 |      0 |   1 |    6.0 |
         Sewer |    288 |    288 |      0 |      0 |    147 |   1 |  288.0 |
        Bailey |   1160 |   1160 |      0 |    872 |     84 |   1 | 1160.0 |
               +--------+--------+--------+--------+--------+-----+--------+

Top non-repeatable levels by time:
    D:12: 2431 daAuts
    D:10: 2061 daAuts
     D:9: 1964 daAuts
    D:11: 1652 daAuts
     D:6: 1267 daAuts
  Lair:2: 1231 daAuts
  Lair:1: 1206 daAuts
     D:8: 1169 daAuts
  Bailey: 1160 daAuts
  Lair:3: 1041 daAuts
     D:7: 970 daAuts
     D:3: 817 daAuts
     D:5: 798 daAuts
     D:4: 776 daAuts
     D:1: 597 daAuts
